 Dungeon Crawl Stone Soup version 0.19.1 (webtiles) character file.

615 ImaNewbie the Basher (level 7, -1/70 HPs)
             Began as an Ogre Fighter on Dec 27, 2016.
             Slain by a hound (3 damage)
             ... on level 4 of the Dungeon.
             The game lasted 00:06:50 (5184 turns).

ImaNewbie the Basher (Ogre Fighter)                 Turns: 5184, Time: 00:06:51

Health: -1/70      AC:  4    Str: 23 (24) XL:     7   Next: 45%
Magic:  7/7        EV: 10    Int:  5 (7)  God:
Gold:   367        SH:  0    Dex:  7 (9)  Spells: 0 memorised, 6 levels left

rFire  . . .     SeeInvis .     r - +3 quarterstaff (chaos)
rCold  . . .     Gourm    .     b - +0 robe
rNeg   . . .     Faith    .     (shield currently unavailable)
rPois  .         Spirit   .     (helmet restricted)
rElec  .         Reflect  .     s - +0 cloak
rCorr  .         Harm     .     (gloves unavailable)
MR     .....                    (boots unavailable)
Stlth  +.........               (no amulet)
                                (no ring)
                                (no ring)

@: no status effects
A: unfitting armour, tough skin 1
a: no special abilities


You were on level 4 of the Dungeon.
You were hungry.

You visited 1 branch of the dungeon, and saw 4 of its levels.

You collected 367 gold pieces.

Inventory:

Hand Weapons
 a - a +0 flail
 r - a +3 quarterstaff of chaos (weapon)
 y - a +0 flail of holy wrath
Missiles
 u - 26 poisoned needles
Armour
 b - a +0 robe (worn)
 c - a +0 shield
 s - a +0 cloak (worn)
Wands
 p - a wand of lightning (5/15)
Scrolls
 e - 4 scrolls of recharging {unknown}
 g - 4 scrolls of identify {unknown}
 h - 2 scrolls of immolation {unknown}
 j - a scroll of fear {unknown}
 k - a scroll of amnesia {unknown}
 l - a scroll of remove curse {unknown}
 m - 2 scrolls of enchant armour {unknown}
 o - a scroll of random uselessness {unknown}
 q - a scroll of teleportation {unknown}
Potions
 d - 3 potions of might
 v - a potion of degeneration
 z - a potion of ambrosia {unknown}
 A - a potion of invisibility {unknown}
Comestibles
 f - 3 bread rations
 i - 5 fruits
 n - a beef jerky
 t - a royal jelly
 w - 2 meat rations


   Skills:
 - Level 4.0 Fighting
 + Level 10.4 Maces & Flails
 - Level 2.6 Dodging
 - Level 2.6 Shields


You had 6 spell levels left.
You didn't know any spells.

Dungeon Overview and Level Annotations

Branches:
Dungeon (4/15)
 Temple: D:4-7

Altars:
Cheibriados

Shops:
D:4 *


Innate Abilities, Weirdness & Mutations

You are too large for most types of armour.
You have tough skin. (AC +1)


Message History

The orc zaps a wand.
You shrug off the repeated paralysis!
The orc warrior hits you with a battleaxe!
You can move again.
You hit the orc warrior but do no damage.
The orc warrior is lightly wounded.
The hound closely misses you.
The orc throws a tomahawk.
The tomahawk hits you but does no damage.
The orc closely misses you. The hound bites you but does no damage.
Unknown command.
Unknown command.
The hound barely misses you.
The orc warrior hits you with a battleaxe!!
* * * LOW HITPOINT WARNING * * *
The orc hits you but does no damage.
The orc zaps a wand.
You shrug off the repeated paralysis!
It was a potion of degeneration.
There was something very wrong with that liquid.
You feel weakened.
You feel dopey.
You feel clumsy. The hound bites you.
You die...

#.........#
#.#ho#......
#......#..#
#.#(@o......
#####.###.#
#.#o#######. #.#
#.###.#.# ##.#
#..##.#.# #..#
#.....#.# #.##
#.......#
#.####....##.#
##.#.......####
###..#............
#....#.......#####
#....#..........#
.....#.......##.#
.....#........# #
###.##..........#
#.##.........##
###.####.......#


You could see an orc warrior, a hound and 3 orcs.

Vanquished Creatures
  An ogre (D:4)
  A scorpion (D:4)
  5 orc priests
  A hound (D:3)
  3 orc wizards
  Crazy Yiuf (D:2)
  2 worker ants (D:4)
  4 adders
  4 oozes
  A worm (D:2)
  A dart slug (D:1)
  12 orcs
  4 giant cockroaches
  7 goblins
  7 hobgoblins
  8 jackals
  2 ball pythons
  7 bats
  3 frilled lizards
  4 kobolds
  A quokka skeleton (D:4)
  11 rats
90 creatures vanquished.

Vanquished Creatures (others)
  A howler monkey (D:4)
  A hound (D:4)
  A worker ant (D:4)
  2 adders (D:4)
  An orc (D:4)
6 creatures vanquished.

Grand Total: 96 creatures vanquished

Notes
Turn   | Place    | Note
-------+----------+-------------------------------------------
     0 | D:1      | ImaNewbie the Ogre Fighter began the quest for the Orb.
     0 | D:1      | Reached XP level 1. HP: 24/24 MP: 1/1
   124 | D:1      | Reached skill level 3 in Maces & Flails
   173 | D:1      | Reached XP level 2. HP: 28/32 MP: 2/2
   215 | D:1      | Reached skill level 4 in Maces & Flails
   557 | D:1      | Reached XP level 3. HP: 39/39 MP: 3/3
   971 | D:2      | Found a snail-covered altar of Cheibriados.
  1275 | D:2      | Reached skill level 5 in Maces & Flails
  1380 | D:2      | Found a faded altar of an unknown god.
  1426 | D:2      | Found a runed door.
  1672 | D:2      | Reached XP level 4. HP: 38/48 MP: 4/4
  1844 | D:2      | Noticed Crazy Yiuf
  1852 | D:2      | Killed Crazy Yiuf
  1852 | D:2      | Reached skill level 6 in Maces & Flails
  2538 | D:3      | Reached XP level 5. HP: 33/54 MP: 5/5
  2935 | D:3      | Reached skill level 7 in Maces & Flails
  3665 | D:3      | Reached skill level 8 in Maces & Flails
  3665 | D:3      | Reached XP level 6. HP: 49/62 MP: 6/6
  4068 | D:4      | Found Vuthradaow's Assorted Antiques.
  4305 | D:4      | Reached skill level 9 in Maces & Flails
  4456 | D:4      | Reached XP level 7. HP: 58/70 MP: 7/7
  4526 | D:4      | Reached skill level 10 in Maces & Flails
  5178 | D:4      | Paralysed by an orc for 4 turns
  5183 | D:4      | HP: 2/70 [orc warrior/battleaxe (26)]
  5184 | D:4      | Slain by a hound

Skill      XL: |  1  2  3  4  5  6  7 |
---------------+----------------------+-----
Maces & Flails | 3 4 5 6 8 9 10 | 10.4
Fighting       | |  4.0
Dodging        | |  2.6
Shields        | |  2.6

Action                   |  1- 3 |  4- 6 |  7- 9 || total
-------------------------+-------+-------+-------++-------
Melee: Flail             |   120 |     6 |       ||   126
       Quarterstaff      |       |   125 |    41 ||   166
  Use: Potion            |       |       |     1 ||     1
 Stab: Confused          |       |     1 |       ||     1
  Eat: Chunk             |     3 |     8 |     2 ||    13
Armor: Robe              |    33 |    38 |    13 ||    84
Dodge: Dodged            |    36 |    74 |    20 ||   130
Block: Shield            |    57 |     2 |       ||    59
